 Dungeon Crawl Stone Soup version 0.27.0-1-g7a089689b8 (webtiles) character file.

Game seed: 16935064933125949596

5336 wakim the Basher (level 10, -13/82 HPs)
             Began as a Minotaur Fighter on Aug 2, 2021.
             Was an Elder of Okawaru.
             Killed from afar by an efreet (24 damage)
             ... with a fireball
             ... on level 9 of the Dungeon.
             The game lasted 00:19:36 (9162 turns).

wakim the Basher (Minotaur Fighter)                 Turns: 9162, Time: 00:19:37

Health: -13/82     AC: 19    Str: 23    XL:     10   Next: 38%
Magic:  13/13      EV: 11    Int:  9    God:    Okawaru [****..]
Gold:   437        SH: 19    Dex: 10    Spells: 9/9 levels left

rFire    . . .     SeeInvis .   a - -2 demon whip
rCold    . . .     Faith    .   c - +0 kite shield
rNeg     . . .     Spirit   .   g - +5 scale mail
rPois    .         Reflect  +   (helmet restricted)
rElec    .         Harm     .   (no cloak)
rCorr    .         Rampage  .   b - +0 pair of gloves
Will     .....                  h - +2 pair of boots of Terror {Int+3}
Stlth    +.........             j - amulet of reflection
HPRegen  0.23/turn              m - +4 ring of slaying
MPRegen  0.13/turn              (no ring)

@: heroic, very slightly contaminated, invisible
A: horns 2, retaliatory headbutt
a: Renounce Religion, Heroism


You were on level 9 of the Dungeon.
You worshipped Okawaru.
Okawaru was greatly pleased with you.
You visited 2 branches of the dungeon, and saw 10 of its levels.
You also visited: Sewer.

You collected 532 gold pieces.
You spent 95 gold pieces at shops.

Inventory:

Hand Weapons
 a - a -2 demon whip (weapon)
 d - the +8 great mace of Reilof {vorpal, *Rage rC+++ rCorr Dex-2}
   (You took it off an ogre on level 3 of the Dungeon)

   It inflicts extra damage upon your enemies.
   Dex:       It affects your dexterity (-2).
   rC:        It renders you almost immune to cold.
   *Rage:     It may make you go berserk in combat.
   rCorr:     It protects you from acid and corrosion.
Armour
 b - a +0 pair of gloves (worn)
 c - a +0 kite shield (worn)
 g - a +5 scale mail (worn)
 h - the +2 pair of boots of Terror (worn) {Int+3}
   (You acquired it on level 7 of the Dungeon)

   Int:       It affects your intelligence (+3).
 k - a +0 tower shield
Jewellery
 e - the amulet of Yqarch {Spirit rF+}
   (You found it on level 7 of the Dungeon)

   [amulet of guardian spirit]

   It causes incoming damage to be divided between your reserves of health and
   magic.
   rF:        It protects you from fire.
 f - a ring of fire
 j - an amulet of reflection (around neck)
 m - a +4 ring of slaying (left hand)
Wands
 l - a wand of iceblast (1) (quivered)
 u - a wand of mindburst (8)
 x - a wand of charming (6)
 y - a wand of paralysis (10)
Scrolls
 i - 3 scrolls of enchant armour
 o - 2 scrolls of amnesia
 r - 5 scrolls of identify
 R - 2 scrolls of magic mapping {!r}
 T - 5 scrolls of teleportation
 Y - 4 scrolls of blinking {!r}
Potions
 D - a potion of brilliance
 E - 2 potions of cancellation
 F - 8 potions of curing
 G - 2 potions of flight
 H - a potion of haste
 I - a potion of invisibility
 L - 2 potions of lignification {!q}
 M - 3 potions of mutation {!q}
 N - 2 potions of might


   Skills:
 - Level 5.6(10.6) Fighting
 * Level 12.1(17.1) Maces & Flails
 - Level 6.2(11.2) Armour
 + Level 10.7(15.7) Shields
 + Level 5.5 Invocations


You had 9 spell levels left.
You didn't know any spells.
Your spell library contained the following spells:

 Spells                   Type           Power      Damage    Failure   Level
 Corona                   Hex            0%         N/A       63%         1
 Foxfire                  Conj/Fire      0%         2x1d4     63%         1
 Summon Small Mammal      Summ           0%         N/A       63%         1
 Ensorcelled Hibernation  Hex/Ice        0%         N/A       77%         2
 Slow                     Hex            0%         N/A       77%         2
 Call Canine Familiar     Summ           0%         N/A       94%         3
 Confusing Touch          Hex            0%         N/A       94%         3
 Conjure Flame            Conj/Fire      0%         6-21      94%         3
 Inner Flame              Hex/Fire       0%         N/A       94%         3
 Ozocubu's Armour         Ice            0%         N/A       94%         3
 Summon Guardian Golem    Hex/Summ       0%         N/A       94%         3
 Tukima's Dance           Hex            0%         N/A       94%         3
 Metabolic Englaciation   Hex/Ice        0%         N/A       100%        5
 Yara's Violent Unravell  Hex/Tmut       0%         3d3       100%        5
 Simulacrum               Ice/Necr       0%         N/A       100%        6


Dungeon Overview and Level Annotations

Branches:
Dungeon (9/15)             Temple (1/1) D:6            Lair (0/6) D:8
  Sewer (visited)
    Orc: D:9-12

Altars:
Ashenzari
Elyvilon
Fedhas
Gozag
Kikubaaqudgha
Nemelex Xobeh
Okawaru
Qazlal
Ru
Sif Muna
Trog
Uskayaw
Vehumet
Wu Jian
Xom
Zin

Shops:
D:2 *   D:7 *   D:8 *


Innate Abilities, Weirdness & Mutations

You have a pair of horns on your head.
You reflexively headbutt those who attack you in melee.


Message History

You feel less confused.
Okay, then.
Something hits you but does no damage.
The orc wizard casts a spell.
The orc wizard flickers and vanishes!
You whack something! Something hits you.
* * * LOW HITPOINT WARNING * * *
You barely miss something. You hit something. Your headbutt misses something.
You block something's attack.
You barely miss something. You headbutt something. Okawaru accepts your kill.
Reactivating autopickup.
You feel a bit more experienced.
You hit the wyvern but do no damage. You hit the wyvern.
The wyvern is lightly wounded.
You block the wyvern's attack.
You thrash the wyvern!!
You kill the wyvern!
Okawaru accepts your kill. Something hits you but does no damage.
You are poisoned.
Deactivating autopickup; reactivate with Ctrl-A.
The efreet gestures at you.
The bolt of fire hits something!!
Reactivating autopickup.
The bolt of fire hits you!!
* * * LOW HITPOINT WARNING * * *
Things that are here:
a +0 dagger; a +0 robe; an orc corpse You feel better.
The cyan ugly thing is engulfed in blazing flames.
You fade into invisibility!
You block the efreet's attack.
You are very lightly contaminated with residual magic.
The efreet gestures at something.
The fireball explodes!
The fireball engulfs the efreet.
The efreet completely resists.
The fireball engulfs you!!
You die...

#.°...l######.#
#......# #.#
#..##..######.#
#.. #..#...##l#
..# #..#.#.##u#
... #..#.#.##°#
..# ...#.#.##R# .l
##.#.#.##)#
#.#.#.##@# ###
#.#.#.##.# ...
#.#.#....#
###.#####.#.######
#......##.#.#
#......##.#.#
.......##.#.#
.........>..#
..........###


You could see a cyan ugly thing, an efreet (wandering) and a basilisk.

Vanquished Creatures
  A hydra (D:9)
  A meliai (shapeshifter) (D:9)
  The ghost of mirkoslavko the Chopper, an amateur MiBe of Trog (D:3)
  A wyvern (D:9)
  A yak (D:8)
  4 orc warriors
  2 water moccasins
  8 black bears
  3 ice beasts
  5 ogres
  3 centaurs
  A kobold brigand (Sewer)
  6 bullfrogs
  2 scorpions
  5 killer bees (D:7)
  A wight (D:8)
  A howler monkey (D:6)
  A centaur zombie (D:7)
  5 hounds
  A bullfrog skeleton (D:6)
  4 orc priests
  A gnoll shaman (D:9)
  3 jellies
  An iguana (D:4)
  5 orc wizards
  A hound zombie (D:5)
  A hound skeleton (D:4)
  2 howler monkey zombies
  3 gnolls (D:9)
  8 adders
  A river rat (Sewer)
  An ufetubus (D:5)
  An adder skeleton (D:4)
  2 worms (D:4)
  4 dart slugs
  24 orcs
  8 ball pythons
  9 bats
  5 endoplasms
  4 giant cockroaches
  6 hobgoblins
  21 jackals
  5 quokkas
  4 frilled lizards
  5 goblins
  12 kobolds
  5 rats
199 creatures vanquished.

Vanquished Creatures (others)
  An orc wizard (D:9)
  27 fungi (D:8)
  21 plants (D:8)
49 creatures vanquished.

Grand Total: 248 creatures vanquished

Notes
Turn   | Place    | Note
-------+----------+-------------------------------------------
     0 | D:1      | wakim the Minotaur Fighter began the quest for the Orb.
     0 | D:1      | Reached XP level 1. HP: 19/19 MP: 0/0
   131 | D:1      | Reached XP level 2. HP: 24/27 MP: 1/1
   216 | D:1      | Reached skill level 3 in Maces & Flails
   371 | D:1      | Found a faded altar of an unknown god.
   395 | D:1      | Reached XP level 3. HP: 33/33 MP: 2/2
  1290 | D:2      | Reached XP level 4. HP: 40/40 MP: 3/3
  1342 | D:2      | Found Qoletu's General Store.
  2091 | D:3      | Found a glowing drain.
  2121 | D:3      | Reached skill level 4 in Maces & Flails
  2127 | Sewer    | Entered a sewer
  2380 | Sewer    | Noticed a kobold brigand
  2404 | Sewer    | Killed a kobold brigand
  2405 | Sewer    | Reached skill level 5 in Shields
  2405 | Sewer    | Reached XP level 5. HP: 26/47 MP: 4/4
  2562 | Sewer    | Found a white marble altar of Elyvilon.
  2978 | D:3      | Noticed an ice beast
  2992 | D:3      | Killed an ice beast
  2993 | D:3      | Reached skill level 5 in Maces & Flails
  2993 | D:3      | Reached XP level 6. HP: 11/53 MP: 5/5
  3383 | D:3      | Found a transporter.
  3391 | D:3      | Noticed mirkoslavko's ghost (amateur MiBe)
  3392 | D:3      | Identified the +8 great mace of Reilof {vorpal, *Rage rC+++
                  | rCorr Dex-2}
  3394 | D:3      | Found a transporter.
  3508 | D:4      | Reached skill level 5 in Fighting
  3558 | D:4      | Reached skill level 5 in Armour
  3558 | D:4      | Reached XP level 7. HP: 61/61 MP: 6/6
  3894 | D:4      | Reached skill level 6 in Maces & Flails
  4270 | D:4      | You fall into a shaft and drop 2 floors!
  4490 | D:6      | Found a staircase to the Ecumenical Temple.
  4500 | Temple   | Entered the Ecumenical Temple
  4510 | Temple   | Became a worshipper of Warmaster Okawaru
  4736 | D:6      | Reached skill level 7 in Maces & Flails
  4736 | D:6      | Reached XP level 8. HP: 35/69 MP: 7/7
  5634 | D:5      | Entered Level 5 of the Dungeon
  5651 | D:5      | Reached * piety under Okawaru
  5724 | D:5      | Reached skill level 8 in Maces & Flails
  5747 | D:5      | Identified the +5 long sword of Defenestration {chaos,
                  | Dex+5}
  5852 | D:5      | Reached skill level 1 in Invocations
  6745 | D:3      | Killed mirkoslavko's ghost
  6746 | D:3      | Reached skill level 9 in Maces & Flails
  6869 | D:7      | Found Xuny's Assorted Antiques.
  6872 | D:7      | Bought a scroll labelled GODDUS MOOLO for 30 gold pieces
  6897 | D:7      | Reached XP level 9. HP: 74/74 MP: 9/9
  6897 | D:7      | Acquired the +2 pair of boots of Terror {Int+3}
  6908 | D:7      | Reached ** piety under Okawaru
  7351 | D:7      | Identified the amulet of Yqarch {Spirit rF+}
  7957 | D:8      | Found Zaen's Lightly-Used Armoury.
  7966 | D:8      | Bought a -2 demon whip for 65 gold pieces
  8058 | D:8      | Reached skill level 10 in Maces & Flails
  8230 | D:8      | Reached *** piety under Okawaru
  8240 | D:8      | Reached skill level 11 in Maces & Flails
  8240 | D:8      | Reached skill level 10 in Shields
  8288 | D:8      | Found a staircase to the Lair.
  8408 | D:8      | Reached XP level 10. HP: 82/82 MP: 12/12
  8450 | D:8      | Found a radiant altar of Vehumet.
  9023 | D:9      | Reached skill level 5 in Invocations
  9106 | D:9      | Noticed a five-headed hydra
  9106 | D:9      | Noticed a cyan ugly thing
  9131 | D:9      | Killed a five-headed hydra
  9131 | D:9      | Reached **** piety under Okawaru
  9135 | D:9      | Reached skill level 12 in Maces & Flails
  9159 | D:9      | HP: 2/82 [efreet/bolt of fire (30)]
  9162 | D:9      | Killed from afar by an efreet

Illustrated notes

Levels and vault maps discovered:
D:1:      psy_arrival_spokes, layout_loops_ring, basic_ecumenical_altar,
          st_stairs_4
D:2:      layout_basic, serial_shops, shop
D:3:      minmay_inner_zag, layout_basic, gammafunk_ghost_smash,
          portal_sewer_entry_f
D:4:      layout_loops_ring
D:5:      layout_loops_ring
D:6:      layout_loops_cross, minmay_temple_entry_statues_pillars,
          serial_rivers, chequers_serial_rivers_room_a,
          chequers_serial_rivers_room_a, chequers_serial_rivers_micro_e,
          chequers_serial_rivers_large_b, chequers_serial_rivers_small_3
D:7:      layout_loops_ring, nicolae_stop_n_shop_1, serial_bayou_crossing
D:8:      layout_cave_pods, nicolae_vehumet_radiance,
          due_lair_maze_entry_diamond, st_stairs_5, minmay_misc_feat_alley,
          minmay_shop_damaged
D:9:      minmay_bloctagon, layout_basic, uniq_maurice
Temple:   dpeg_three_leaves_temple

Skill      XL: |  1  2  3  4  5  6  7  8  9 10 |
---------------+-------------------------------+-----
Shields        | 4 5 6 7 9 10 | 10.7
Maces & Flails | 3 4 5 7 9 11 12 | 12.1
Fighting       | 4 5 |  5.6
Armour         | 4 5 6 |  6.2
Invocations    | 2 4 5 |  5.5

Action                   |  1- 3 |  4- 6 |  7- 9 | 10-12 || total
-------------------------+-------+-------+-------+-------++-------
Melee: Flail             |   115 |   154 |   177 |       ||   446
       Headbutt          |    17 |    27 |    57 |    13 ||   114
       Mace              |       |       |    59 |       ||    59
       Demon whip        |       |       |    89 |    54 ||   143
       Great mace        |       |       |    11 |       ||    11
Invok: Heroism           |       |       |     1 |     1 ||     2
Evoke: Wand              |       |     1 |     1 |       ||     2
  Use: Potion            |       |     4 |       |     2 ||     6
       Scroll            |       |     8 |     9 |       ||    17
Armor: Scale mail        |    49 |    72 |   128 |    28 ||   277
       Chain mail        |       |    45 |       |       ||    45
Dodge: Dodged            |    40 |    79 |   108 |    10 ||   237
Block: Kite shield       |    85 |    20 |    89 |    36 ||   230
       Other             |       |     1 |    52 |       ||    53
       Reflection        |       |       |     8 |       ||     8
